 Dungeon Crawl Stone Soup version 0.29.1-15-g9cfb28693d (webtiles) character file.

Game seed: 6058085420845684141

1387 Mysteryquy the Cudgeller (level 8, -1/50 HPs)
             Began as a Gargoyle Fighter on May 2, 2023.
             Was an Initiate of Okawaru.
             Killed from afar by Edmund (10 damage)
             ... with a puff of flame
             ... on level 4 of the Dungeon.
             The game lasted 00:08:35 (5644 turns).

Mysteryquy the Cudgeller (Gargoyle Fighter)         Turns: 5644, Time: 00:08:35

Health: -1/50      AC: 19    Str: 20    XL:     8   Next: 67%
Magic:  8/8        EV: 10    Int:  9    God:    Okawaru [......]
Gold:   226        SH:  5    Dex: 11    Spells: 7/7 levels left

rFire   . . .      SeeInvis .   a - +1 flail (vorpal)
rCold   . . .      Faith    .   c - +0 buckler
rNeg    + . .      Spirit   .   b - +0 scale mail
rPois   ∞          Reflect  .   f - +0 helmet
rElec   +          Harm     .   w - +2 cloak
rCorr   .          Rampage  .   k - +0 pair of gloves
Will    .....                   (no boots)
Stlth   ..........              (no amulet)
HPRegen 0.16/turn               m - ring of flight
MPRegen 0.11/turn               (no ring)

@: flying
A: sickness immunity, AC +5, negative energy resistance 1, electricity
resistance, torment resistance 1, petrification resistance
a: Renounce Religion


You were on level 4 of the Dungeon.
You worshipped Okawaru.
Okawaru was noncommittal.
You visited 2 branches of the dungeon, and saw 7 of its levels.

You collected 226 gold pieces.

Inventory:

Hand Weapons
 a - a +1 vorpal flail (weapon)
Missiles
 g - 8 poisoned darts (quivered)
 j - 2 throwing nets
 y - 4 curare-tipped darts
Armour
 b - a +0 scale mail (worn)
 c - a +0 buckler (worn)
 f - a +0 helmet (worn)
 k - a +0 pair of gloves (worn)
 w - a +2 cloak (worn)
Jewellery
 l - an amulet of guardian spirit
 m - a ring of flight (left hand)
Wands
 d - a wand of iceblast (5)
 t - a wand of digging (7)
Scrolls
 r - 3 scrolls of identify
Potions
 h - a potion of resistance
 i - 4 potions of lignification
 n - a potion of degeneration {unknown}
 o - 2 potions of curing
 p - a potion of invisibility {unknown}
 q - 2 potions of attraction
 u - a potion of mutation {unknown}
 v - 2 potions of brilliance {unknown}
 x - a potion of haste {unknown}
 z - a potion of might


   Skills:
 + Level 5.4 Fighting
 + Level 6.7 Maces & Flails
 + Level 6.5 Armour
 + Level 2.5 Dodging
 + Level 0.9 Stealth
 + Level 4.7 Shields


You had 7 spell levels left.
You didn't know any spells.
Your spell library contained the following spells:

 Spells                   Type           Power      Damage    Failure   Level
 Ensorcelled Hibernation  Hex/Ice        0%         N/A       90%         2
 Passwall                 Tmut/Erth      0%         N/A       90%         2
 Swiftness                Air            0%         N/A       99%         3


Dungeon Overview and Level Annotations

Branches:
Dungeon (6/15)             Temple (1/1) D:5

Altars:
Cheibriados
Dithmenos
Elyvilon
Fedhas
Hepliaklqana
Kikubaaqudgha
Nemelex Xobeh
Okawaru
Sif Muna
Trog
Vehumet
Yredelemnul
Zin
The Shining One

Annotations:
D:4 Edmund
D:6 2 transporters, Descartes's ghost, novice OpFE
Temple 2 transporters


Innate Abilities, Weirdness & Mutations

You are immune to sickness and miasma.
Your stone body is resilient. (AC +5)
You are immune to poison.
You resist negative energy. (rN+)
You are resistant to electric shocks. (rElec)
You are resistant to unholy torment.
You are immune to petrification.


Message History

Edmund closely misses you.
As you read the scroll of fear, it crumbles to dust.
You assume a fearsome visage.
Edmund looks frightened!
Okay, then.
As you read the scroll of identify, it crumbles to dust.
q - 2 potions of attraction
As you read the scroll labelled NALER ATI KOMASO, it crumbles to dust.
It is a scroll of enchant weapon.
Your +0 vorpal flail glows red for a moment.
As you read the scroll of identify, it crumbles to dust.
o - 3 potions of curing You feel better.
Edmund shouts!
Edmund zaps a wand.
The puff of flame misses you. Edmund hits you but does no damage.
You sock Edmund!
Your attack snaps Edmund out of his fear.
Edmund is almost dead.
Edmund zaps a wand.
The puff of flame misses you.
You hit Edmund but do no damage.
Edmund is almost dead.
Edmund zaps a wand.
The puff of flame hits you.
* * * LOW HITPOINT WARNING * * *
You hit Edmund but do no damage.
Edmund is almost dead.
You block Edmund's attack.
You hit Edmund but do no damage.
Edmund is almost dead.
Edmund hits you but does no damage.
You hit Edmund but do no damage.
Edmund is almost dead.
Edmund hits you with a +5 flail of protection.
* * * LOW HITPOINT WARNING * * *
Edmund hits you with a +5 flail of protection.
* * * LOW HITPOINT WARNING * * *
You hit Edmund but do no damage.
Edmund is almost dead.
Edmund grinds his teeth, and then sighs.
Edmund zaps a wand.
The puff of flame hits you!
You die...

## #. . #########.
#. ......†... #.###
#########. ...#
##....... #.##
####..######
#..###....##
#.#####..##.#######
#...@@.............
########......#####
#...>..+ #......#
#......# #......#
#......# #......#


You could see Edmund.

Vanquished Creatures
  Duvessa (D:5)
  An ogre (D:5)
  A wolf (D:6)
  A phantom (D:5)
  A gnoll sergeant (D:5)
  4 scorpions
  Dowan (D:5)
  A howler monkey (D:5)
  4 hounds
  A jelly (D:6)
  A gnoll bouda (D:6)
  Jessica (D:2)
  4 iguanas
  An orc wizard (D:3)
  12 gnolls
  5 adders
  A white imp (D:6)
  An ufetubus (D:5)
  A worm (D:2)
  2 dart slugs
  7 orcs
  5 ball pythons
  4 endoplasms
  7 goblins
  3 hobgoblins
  3 jackals (D:2)
  3 quokkas
  4 bats
  4 frilled lizards
  3 kobolds
  7 rats
95 creatures vanquished.

Vanquished Creatures (collateral kills)
  2 hounds (D:6)
  2 gnolls (D:6)
4 creatures vanquished.

Grand Total: 99 creatures vanquished

Notes
Turn   | Place    | Note
-------+----------+-------------------------------------------
     0 | D:1      | Mysteryquy the Gargoyle Fighter began the quest for the
                  | Orb.
     0 | D:1      | Reached XP level 1. HP: 14/14 MP: 1/1
   358 | D:1      | Reached XP level 2. HP: 19/19 MP: 2/2
   856 | D:2      | Reached XP level 3. HP: 20/23 MP: 3/3
  1000 | D:2      | Found a faded altar of an unknown god.
  1002 | D:2      | Noticed a golden eye
  1008 | D:2      | Noticed an eye of devastation
  1012 | D:2      | Noticed a shining eye
  1018 | D:2      | Noticed a shining eye
  1073 | D:2      | Noticed Jessica
  1078 | D:2      | Killed Jessica
  1079 | D:2      | Reached XP level 4. HP: 29/29 MP: 4/4
  1998 | D:3      | Reached XP level 5. HP: 32/34 MP: 5/5
  2189 | D:3      | You are sucked into a shaft and drop 3 floors!
  2196 | D:6      | Found a transporter.
  2199 | D:6      | Found a transporter.
  2199 | D:6      | Noticed an ogre
  2199 | D:6      | Noticed an ogre
  2199 | D:6      | Noticed Descartes's ghost (novice OpFE)
  2200 | D:6      | Noticed an ogre
  2203 | D:6      | Noticed a two-headed ogre
  2229 | D:6      | Noticed a wolf
  2239 | D:6      | Killed a wolf
  2240 | D:6      | Reached skill level 1 in Dodging
  2240 | D:6      | Reached XP level 6. HP: 27/39 MP: 6/6
  2477 | D:6      | Reached XP level 7. HP: 38/44 MP: 7/7
  2827 | D:6      | Reached skill level 5 in Maces & Flails
  2827 | D:6      | Reached skill level 5 in Armour
  3145 | D:5      | Entered Level 5 of the Dungeon
  3209 | D:5      | Reached skill level 5 in Fighting
  3398 | D:5      | Reached XP level 8. HP: 49/49 MP: 8/8
  3511 | D:5      | Noticed Duvessa
  3522 | D:5      | Killed Duvessa
  3530 | D:5      | Noticed Dowan
  3532 | D:5      | Found a bloodstained altar of Trog.
  3556 | D:5      | Killed Dowan
  3691 | D:5      | Found a staircase to the Ecumenical Temple.
  3707 | Temple   | Entered the Ecumenical Temple
  3707 | Temple   | Found a transporter.
  3707 | Temple   | Found a transporter.
  3709 | Temple   | Found a transporter.
  3709 | Temple   | Found a transporter.
  3729 | Temple   | Became a worshipper of Warmaster Okawaru
  3851 | D:5      | Found a shimmering blue altar of Sif Muna.
  3855 | D:5      | Got Sif Muna's Guide on the Figure
  5408 | D:4      | Found a hazy altar of Hepliaklqana.
  5597 | D:4      | Noticed Edmund
  5644 | D:4      | Killed from afar by Edmund

Illustrated notes

Levels and vault maps discovered:
D:1:      dpeg_arrival_long_road, layout_rooms, serial_curves, eino_curves_03,
          eino_curves_03, eino_curves_04, eino_curves_03
D:2:      layout_rooms, hellmonk_ecumenical_altar_watching_god, uniq_jessica
D:3:      layout_loops_corners
D:4:      layout_basic, mainiacjoe_overflow_alcove_4, uniq_edmund
D:5:      layout_basic, nzn_overflow_gifts_of_might_and_magic,
          minmay_temple_entry_stoned_glass
D:6:      layout_cave_pools, lemuel_coloured_pillars_altar,
          portal_sewer_entry_c, gammafunk_ghost_smash, serial_gnoll_camp,
          gnoll_camp_mini_house, grums_kennel, gnoll_camp_mini_basic,
          gnoll_camp_mini_doghouse
Temple:   hellmonk_temple_divided_pantheon

Skill      XL: |  1  2  3  4  5  6  7  8 |
---------------+-------------------------+-----
Fighting       | 4 5 |  5.4
Maces & Flails | 3 4 5 6 |  6.7
Armour         | 4 5 6 |  6.5
Dodging        | 1 2 |  2.5
Shields        | 4 |  4.7
Stealth        | |  0.9

Action                   |  1- 3 |  4- 6 |  7- 9 || total
-------------------------+-------+-------+-------++-------
Melee: Flail             |    71 |   142 |   242 ||   455
  Use: Potion            |     1 |     4 |     1 ||     6
       Scroll            |     1 |     2 |     7 ||    10
Armor: Scale mail        |    35 |    89 |   112 ||   236
Dodge: Dodged            |    40 |    66 |   130 ||   236
Block: Buckler           |    14 |    34 |    66 ||   114
